Unix NetHack Version 5.0.0-0 post-release - last build Jun 10 2026 00:39:30 (3ee93aec679c4c4259841fe613dc97188e26a321,branch:main).

Game began 2026-06-25 13:17:59, ended 2026-06-25 14:46:01.

Anarchos, lawful female dwarven Valkyrie

  ----
  |..|                                                                    ----
  |..|                            ---                                     |..--
  |.-                         -----.--                                    |...|
  |.|      .                 --......|                                    --..|
  |.|      -.             ----.......----   ---                            |.--
  |.|      |..---         |...........|.-----.---   ------                --.|
  |.|       .....      ----...............||....|   |....--               |..|
  |.|       -....     --..................||....--  |.....|              --.--
  |.|       |.....-  --......*............-----..----....--              |..|
  |.|       |......---................--...-- --...|....--           ----|.---
  |.--        -.....(...............----....---|.......--       ------.|.|.|.--
  |..|        --...............--.....^........--......|       --.............|
  --.--        |.......)......-----------.----......*).---------..--..........|
   |..--    ----........>.....--        ---  ----................-----.......--
   --..--   |.@e...............|               ..--.........------   ---.....--
    |-.^|----:----..--....`...--              |.. |...---.......|      --.....|
    |...--....--------........--              --- ----- --.---.--       --...-|
    |.....................---..|                         --- ---         |....|
    |..----...------------- |..|                                         --.<--
    ----  -----             ----                                          ----
Anarchos the Skirmisher     St:16 Dx:14 Co:20 In:8 Wi:8 Ch:9  Lawful
Dlvl:6  $:19 HP:0(42) Pw:12(12) AC:3  Xp:3 T:1607  Burdened

Latest messages:
 This fox corpse is stringy.
 You finish eating the fox corpse.
 Where do you want to travel to?
 (For instructions type a '?')
 You fall into a pit!
 Where do you want to travel to?
 (For instructions type a '?')
 You are still in a pit.
 You are still in a pit.
 You are still in a pit.
 You are still in a pit.
 You are still in a pit.
 You are still in a pit.
 You crawl to the edge of the pit.
 What do you want to throw? [$bmuyU or ?*] b
 In what direction? 9
 You kill the floating eye!
 You have a little trouble lifting b - a +0 dagger (at the ready).
 Y - a sky blue potion.
 What do you want to drink? [FY or ?*] Y
 You feel much better.
 You hit the floating eye!
 You are frozen by the floating eye's gaze!
 The iguana bites!
 The iguana bites!
 The iguana bites!
 The iguana bites!
 The iguana bites!
 The iguana bites!
 The iguana bites!
 The iguana bites!
 The iguana misses!
 The iguana bites!
 The iguana bites!
 The iguana bites!
 The iguana bites!
 The iguana bites!
 The iguana bites!
 The iguana bites!
 The iguana bites!
 The iguana bites!
 The iguana bites!
 The iguana bites!
 The iguana bites!
 The iguana bites!
 The iguana bites!
 The iguana bites!
 The iguana bites!
 You die...
 Do you want your possessions identified? [ynq] (y) q

Inventory:
 Coins    ('$')
  $ - 19 gold pieces
 Weapons  (')')
  u - 6 +0 darts
  U - a blessed poisoned +1 dart
  b - a +0 dagger (at the ready)
  a - a +1 dwarvish spear (weapon in right hand)
  m - a +0 flail
  y - a +4 glaive
 Armor    ('[')
  O - an uncursed +0 orcish helm
  M - a blessed +1 pair of water walking boots
  c - an uncursed +3 small shield (being worn)
  n - an uncursed +0 cloak of protection (being worn)
  X - an uncursed +2 scale mail
  K - an uncursed +0 scale mail
  P - an uncursed +0 splint mail
 Comestibles  ('%')
  d - an uncursed food ration
  i - an uncursed lembas wafer
  w - an uncursed egg
  j - an uncursed lichen corpse
 Scrolls  ('?')
  p - 2 uncursed scrolls of enchant armor
  v - an uncursed scroll of identify
  s - an uncursed scroll of light
  q - an uncursed scroll of scare monster
 Spellbooks  ('+')
  r - an uncursed spellbook of protection
 Potions  ('!')
  F - an uncursed potion of see invisible
 Rings    ('=')
  H - an uncursed +2 ring of increase accuracy
  G - a cursed -1 ring of protection
  t - an uncursed ring of stealth (on left hand)
  D - an uncursed ring of stealth
 Tools    ('(')
  R - an uncursed leash
  e - a magic marker (0:51)
  J - an uncursed oil lamp
  h - an uncursed skeleton key
  A - an uncursed skeleton key
  k - an uncursed tin whistle
 Gems/Stones  ('*')
  S - an uncursed agate stone
  T - 2 uncursed jet stones
  N - an uncursed worthless piece of blue glass
  l - 2 uncursed worthless pieces of green glass
  V - 2 uncursed worthless pieces of red glass
  L - an uncursed worthless piece of violet glass
  Q - 3 uncursed worthless pieces of white glass

Anarchos the Valkyrie's attributes:

Background:
 You were a Skirmisher, a level 3 dwarven Valkyrie.
 You were lawful, nominally on a mission for Tyr
 who was opposed by Odin (neutral) and Loki (chaotic).
 You were right-handed.
 You were in the Gnomish Mines, on level 6.
 You entered the dungeon 1607 turns ago.
 You had 59 experience points, 21 more were needed to attain level 4.

Basics:
 You had 0 out of 42 hit points.
 You had all 12 energy points (spell power).
 Your armor class was 3.
 Your wallet contained 19 zorkmids.
 Autopickup was on for all types.

Final Characteristics:
 Your strength was 16 (limit:18/100).
 Your dexterity was 14 (limit:20).
 Your constitution was 20 (limit:20).
 Your intelligence was 8 (limit:16).
 Your wisdom was 8 (limit:16).
 Your charisma was 9 (limit:16).

Final Status:
 You weren't hungry.
 You were burdened; movement was slightly slowed.
 You were wielding a spear.
 You had basic skill with spear.

Final Attributes:
 You were devoutly aligned.
 You were cold resistant.
 You had infravision.
 You were stealthy.
 You were protected.
 You are dead.

Miscellaneous:
 You didn't encounter any bones levels.
 Total elapsed playing time was 1 hour, 28 minutes and 1 second.

Major events:
 Turn
    1: Anarchos the lawful dwarven Valkyrie entered the dungeon
  943: entered the Gnomish Mines
 1124: attained the rank of Skirmisher (level 3)
 1607: killed by an iguana, while frozen by a floating eye's gaze

You didn't know any spells.

Skills:
 Fighting Skills
   bare handed combat [Unskilled]
   two weapon combat  [Unskilled]
   riding             [Unskilled]
 Weapon Skills
   dagger             [Basic]
   axe                [Unskilled]
   pick-axe           [Unskilled]
   short sword        [Unskilled]
   broadsword         [Unskilled]
   long sword         [Unskilled]
   two-handed sword   [Unskilled]
   saber              [Unskilled]
   hammer             [Unskilled]
   quarterstaff       [Unskilled]
   polearms           [Unskilled]
   spear              [Basic]
   trident            [Unskilled]
   lance              [Unskilled]
   sling              [Unskilled]
 Spellcasting Skills
   attack spells      [Unskilled]
   escape spells      [Unskilled]

Voluntary challenges:
 Character rerolling was not enabled.
 You were an atheist.
 You were illiterate.
 You never genocided any monsters.
 You never polymorphed an object.
 You never changed form.
 You used no wishes.
Achievements:
 You entered the Gnomish Mines.
 You attained the rank of Skirmisher.

 The Dungeons of Doom: levels 1 to 4
    Level 1:
       A fountain, a sink.
    Level 2:
       A fountain.
    Level 3:
    Level 4:
       A fountain.
       Stairs down to The Gnomish Mines.
 The Gnomish Mines: levels 5 to 6
    Level 5:
    Level 6: <- You were here.
       Final resting place for
          you, killed by an iguana, while frozen by a floating eye's gaze.


Vanquished creatures:
  a floating eye
 an iguana
  a hobgoblin
  2 giant rats
  a gecko
  4 jackals
  3 foxes
  a kobold
  a goblin
  a sewer rat
  a lichen
  3 kobold zombies
  a newt
21 creatures vanquished.

No species were genocided or became extinct.

Game over:
                       ----------
                      /          \
                     /    REST    \
                    /      IN      \
                   /     PEACE      \
                  /                  \
                  |     Anarchos     |
                  |      19 Au       |
                  |   killed by an   |
                  |      iguana      |
                  |                  |
                  |                  |
                  |       2026       |
                 *|     *  *  *      | *
        _________)/\\_//(\/(/\)/\//\/|_)_______

Farvel Anarchos the Valkyrie...

You died in The Gnomish Mines on dungeon level 6 with 544 points,
and 19 pieces of gold, after 1607 moves.
You were level 3 with a maximum of 42 hit points when you died.

